 Dungeon Crawl Stone Soup version 0.29-a0-845-g6161e89988 (webtiles) character file.

Game seed: 9101748391124748354

191 vineage the Covered (level 5, 0/33 HPs)
             Began as a Gargoyle Fighter on July 15, 2022.
             Slain by a bullfrog (2 damage)
             ... in a sewer.
             The game lasted 00:02:51 (2784 turns).

vineage the Covered (Gargoyle Fighter)              Turns: 2784, Time: 00:02:51

Health: 0/33       AC: 11    Str: 21    XL:     5   Next: 70%
Magic:  5/5        EV:  9    Int:  9    God:
Gold:   741        SH:  4    Dex:  9    Spells: 4/4 levels left

rFire   . . .      SeeInvis .   a - +0 flail
rCold   . . .      Faith    .   c - +0 buckler
rNeg    + . .      Spirit   .   b - +0 scale mail
rPois   ∞          Reflect  .   (no helmet)
rElec   +          Harm     .   (no cloak)
rCorr   .          Rampage  .   (no gloves)
Will    .....                   (no boots)
Stlth   ..........              (no amulet)
HPRegen 0.11/turn               (no ring)
MPRegen 0.09/turn               (no ring)

@: no status effects
A: sickness immunity, AC +4, negative energy resistance 1, electricity
resistance, torment resistance 1, petrification resistance
a: no special abilities


You were in a sewer.
You visited 1 branch of the dungeon, and saw 3 of its levels.
You also visited: Sewer.

You collected 741 gold pieces.

Inventory:

Hand Weapons
 a - a +0 flail (weapon)
Armour
 b - a +0 scale mail (worn)
 c - a +0 buckler (worn)
Scrolls
 e - 5 scrolls of identify
Potions
 k - a potion of magic
 l - a potion of brilliance


   Skills:
 + Level 4.2 Fighting
 * Level 3.9 Maces & Flails
 + Level 4.2 Armour
 + Level 4.1 Shields


You had 4 spell levels left.
You didn't know any spells.
Your spell library contained the following spells:

 Spells                   Type           Power      Damage    Failure   Level
 Beastly Appendage        Tmut           0%         N/A       80%         1
 Wereblood                Tmut           0%         N/A       91%         2
 Spider Form              Tmut/Pois      0%         N/A       99%         3


Dungeon Overview and Level Annotations

Branches:
Dungeon (3/15)              Sewer (1/1)

Altars:

Shops:
D:1 [


Innate Abilities, Weirdness & Mutations

You are immune to sickness and miasma.
Your stone body is resilient. (AC +4)
You are immune to poison.
You resist negative energy. (rN+)
You are resistant to electric shocks. (rElec)
You are resistant to unholy torment.
You are immune to petrification.


Message History

You block the bullfrog's attack. The bullfrog barely misses you.
You hit the bullfrog.
The bullfrog is almost dead.
The bullfrog hits you but does no damage.
The bullfrog misses you.
The bullfrog hits you but does no damage.
You miss the bullfrog.
The bullfrog is almost dead.
The bullfrog barely misses you. The bullfrog hits you.
The bullfrog hits you but does no damage.
You are too injured to fight recklessly!
You are too injured to fight recklessly!
You are too injured to fight recklessly!
You are too injured to fight recklessly!
You are too injured to fight recklessly!
You are too injured to fight recklessly!
You are too injured to fight recklessly!
The bullfrog attacks as you move away! The bullfrog closely misses you.
The bullfrog hits you.
The bullfrog hits you but does no damage.
You block the bullfrog's attack.
The bullfrog hits you but does no damage.
The bullfrog attacks as you move away!
The bullfrog hits you but does no damage.
The bullfrog attacks as you move away! The bullfrog completely misses you.
The bullfrog hits you.
You closely miss the bullfrog.
The bullfrog is almost dead.
The bullfrog hits you but does no damage. x2
You block the bullfrog's attack. The bullfrog hits you.
* * * LOW HITPOINT WARNING * * *
You hit the bullfrog but do no damage.
The bullfrog is almost dead.
The bullfrog hits you but does no damage.
The bullfrog hits you.
* * * LOW HITPOINT WARNING * * *
The bullfrog hits you.
* * * LOW HITPOINT WARNING * * *
The bullfrog hits you.
You die...

≈†≈≈≈≈≈≈≈≈≈≈≈≈≈≈≈≈r≈≈≈≈≈≈≈.#
≈≈≈≈≈≈≈≈≈≈≈≈≈≈≈≈≈≈≈≈≈≈≈≈≈≈.#
≈≈≈≈≈≈≈≈≈≈≈≈≈≈≈≈≈≈≈≈≈≈≈≈≈≈.#
....≈≈≈≈≈..≈..≈..≈≈≈≈≈≈≈≈..#
################.≈≈≈≈##≈≈≈##
# #.≈≈≈≈##≈≈≈# #
#.≈≈≈≈##≈≈≈# # ######
#.≈≈≈.##≈≈.# #
#≈≈≈≈≈###@≈≈≈.##≈..# #
≈≈≈≈≈≈≈≈#FF≈≈.##≈≈.# #
≈≈≈≈≈≈≈≈#.≈≈≈.##.≈.# #
≈≈≈≈≈≈≈≈≈.≈≈≈.###.## #
F≈≈≈≈≈≈≈≈.≈≈≈.# #.# #
≈≈≈≈≈≈≈≈≈.≈≈≈.# #.# #
≈.≈.≈≈≈≈≈.≈≈≈.# #∩# #
≈≈.(r≈≈≈≈≈≈≈≈.# #.# #
≈.$$?≈≈≈≈≈≈≈≈.# #∩#


You could see 2 bullfrogs.

Vanquished Creatures
  Natasha (D:2)
  8 adders
  A worm (D:2)
  2 dart slugs
  5 orcs (D:2)
  2 bats
  3 endoplasms (D:1)
  10 giant cockroaches
  5 goblins (D:1)
  6 hobgoblins
  7 jackals
  7 quokkas
  6 ball pythons
  3 frilled lizards (Sewer)
  5 kobolds
  6 rats
77 creatures vanquished.

Vanquished Creatures (others)
  A fungus (D:2)
1 creature vanquished.

Grand Total: 78 creatures vanquished

Notes
Turn   | Place    | Note
-------+----------+-------------------------------------------
     0 | D:1      | vineage the Gargoyle Fighter began the quest for the Orb.
     0 | D:1      | Reached XP level 1. HP: 14/14 MP: 1/1
    44 | D:1      | Reached XP level 2. HP: 17/19 MP: 2/2
   507 | D:1      | Found Dicyum's Armour Shoppe.
   519 | D:1      | Reached XP level 3. HP: 22/23 MP: 3/3
   967 | D:2      | Reached XP level 4. HP: 29/29 MP: 4/4
  1051 | D:2      | Noticed Natasha
  1061 | D:2      | Killed Natasha
  1162 | D:2      | Found a faded altar of an unknown god.
  1286 | D:2      | Noticed Natasha
  1504 | D:2      | Identified a scroll of acquirement
  1504 | D:2      | Acquired 644 gold pieces
  1600 | D:3      | Found a glowing drain.
  1611 | D:3      | Reached XP level 5. HP: 25/33 MP: 5/5
  1674 | Sewer    | Entered a sewer
  2784 | Sewer    | Slain by a bullfrog

Illustrated notes

Levels and vault maps discovered:
D:1:      dpeg_arrival_stone_temple_mockup, layout_rooms, serial_shops, shop,
          hex_large, corexii_leaking_fountain, minmay_misc_feat_four_crosses
D:2:      layout_rooms, dreamdust_ecumenical_altar_grove, uniq_natasha
D:3:      layout_basic, portal_sewer_entry_f, grunt_decor_junction,
          chequers_serial_rivers_micro_a, chequers_jeans, minmay_misc_feat_room,
          kennysheep_generic_room_16, uniq_robin, uniq_ijyb
Sewer:    sewer_frog_island_01

Skill      XL: |  1  2  3  4 |
---------------+-------------+-----
Maces & Flails | 3 |  3.9
Fighting       | 4 |  4.2
Armour         | 4 |  4.2
Shields        | 4 |  4.1

Action                   |  1- 3 |  4- 6 || total
-------------------------+-------+-------++-------
Melee: Flail             |   112 |   209 ||   321
  Use: Scroll            |       |    11 ||    11
       Potion            |       |     1 ||     1
Armor: Scale mail        |    88 |   218 ||   306
Dodge: Dodged            |    58 |   167 ||   225
Block: Buckler           |    41 |    89 ||   130

Table legend: (Time is in decaauts)
 A = Elapsed time spent in this place.
 B = Non-inter-level travel time spent in this place.
 C = Inter-level travel time spent in this place.
 D = Time resting spent in this place.
 E = Time spent auto-exploring this place.
 F = Levels seen in this place.
 G = Mean time per level.
                   A        B        C        D        E       F      G
               +--------+--------+--------+--------+--------+-----+--------+
         Total |   2914 |   2896 |     18 |    813 |   1410 |   4 |  728.5 |
       Dungeon |   1736 |   1718 |     18 |     43 |   1227 |   3 |  578.7 |
         Sewer |   1178 |   1178 |      0 |    770 |    183 |   1 | 1178.0 |
               +--------+--------+--------+--------+--------+-----+--------+

Top non-repeatable levels by time:
   Sewer: 1178 daAuts
     D:1: 805 daAuts
     D:2: 777 daAuts
     D:3: 152 daAuts
